 Seeded DCSS version 0.29.1-15-g9cfb28693d (webtiles) character file.

Game seed: 1 (custom seed)

14959 Kazon the Skirmisher (level 12, -7/95 HPs)
             Began as a Gnoll Hunter on Feb 28, 2023.
             Was a Priest of the Shining One.
             Mangled by a catoblepas (9 damage)
             ... while petrified by a catoblepas
             ... on level 2 of the Lair of Beasts.
             The game lasted 00:50:11 (8493 turns).

Kazon the Skirmisher (Gnoll Hunter)                 Turns: 8493, Time: 00:50:11

Health: -7/95      AC: 12    Str: 12    XL:     12   Next: 22%
Magic:  23/23      EV:  2    Int: 10    God:    the Shining One [***...]
Gold:   87         SH:  0    Dex: 18    Spells: 22/26 levels left

rFire   + + +      SeeInvis .   w - +12 triple crossbow of the Sugar Beet {elec, Fragile rPois Will+++ Stlth+}
rCold   + + +      Faith    .   (shield currently unavailable)
rNeg    + + +      Spirit   .   G - +0 acid dragon scales
rPois   ∞          Reflect  .   h - +0 helmet
rElec   .          Harm     .   K - scarf {rC+ rF+}
rCorr   +          Rampage  .   (no gloves)
Will    +++..                   k - +2 pair of boots
Stlth   +++.......              O - amulet "Odemouw" {Contam rPois rF+++ Regen+ Stlth+}
HPRegen 1.05/turn               I - ring of protection from cold
MPRegen 0.18/turn               B - ring of protection from cold

@: petrified, glowing
A: fangs 1, strong nose, distributed training
a: Renounce Religion, Divine Shield, Cleansing Flame


You were on level 2 of the Lair of Beasts.
You worshipped the Shining One.
The Shining One was most pleased with you.
You visited 3 branches of the dungeon, and saw 14 of its levels.

You collected 863 gold pieces.
You spent 776 gold pieces at shops.

Inventory:

Hand Weapons
 w - the +12 triple crossbow of the Sugar Beet (weapon) {elec, Fragile rPois Will+++ Stlth+}
   (You acquired it on level 1 of the Dungeon)

   Any ammunition fired from it occasionally discharges a powerful burst of
   electricity upon striking a foe.
   rPois:     It protects you from poison.
   Fragile:   It will be destroyed if unequipped.
   Will:      It greatly increases your willpower.
   Stlth:     It makes you more stealthy.
Missiles
 l - 23 boomerangs
 n - a throwing net
 q - 4 curare-tipped darts
 D - 35 poisoned darts
Armour
 h - a +0 helmet (worn)
 k - a +2 pair of boots (worn)
 G - +0 acid dragon scales (worn)
 K - a scarf of resistance (worn)
Jewellery
 o - a ring of positive energy
 B - a ring of protection from cold (right hand)
 I - a ring of protection from cold (left hand)
 O - the amulet "Odemouw" (around neck) {Contam rPois rF+++ Regen+ Stlth+}
   (You bought it in a shop on level 8 of the Dungeon)

   [amulet of regeneration]

   rF:        It renders you almost immune to fire.
   rPois:     It protects you from poison.
   Contam:    It causes magical contamination when unequipped.
   Regen:     It increases your rate of health regeneration.
   Stlth:     It makes you more stealthy.
Wands
 u - a wand of mindburst (20)
 v - a wand of flame (39)
 A - a wand of paralysis (26)
 C - a wand of roots (6)
 M - a wand of polymorph (7)
Scrolls
 c - 4 scrolls of teleportation
 g - a scroll of summoning {unknown}
 i - 9 scrolls of identify
 j - 2 scrolls of immolation
 m - 3 scrolls of fog {unknown}
 p - 2 scrolls of poison {unknown}
 r - 2 scrolls of noise {unknown}
 t - a scroll of magic mapping {unknown}
 y - 3 scrolls of fear
 z - 2 scrolls of enchant weapon {unknown}
 H - a scroll of amnesia {unknown}
 J - a scroll of vulnerability {unknown}
Potions
 a - 2 potions of ambrosia {unknown}
 b - 4 potions of berserk rage {unknown}
 d - 2 potions of haste {unknown}
 f - 2 potions of flight
 s - 5 potions of lignification {unknown}
 x - 2 potions of cancellation {unknown}
 E - a potion of might
 F - 2 potions of curing
 L - a potion of invisibility {unknown}
Miscellaneous
 N - a phial of floods


   Skills:
 + Level 9.0 Fighting
 + Level 7.6 Short Blades
 + Level 7.6 Long Blades
 + Level 7.6 Axes
 + Level 7.6 Maces & Flails
 + Level 7.6 Polearms
 + Level 7.6 Staves
 + Level 11.4 Ranged Weapons
 + Level 7.6 Throwing
 + Level 7.6 Armour
 + Level 9.0 Dodging
 + Level 8.0 Stealth
 + Level 7.6 Shields
 + Level 7.6 Unarmed Combat
 + Level 7.6 Spellcasting
 + Level 6.3 Conjurations
 + Level 6.3 Hexes
 + Level 6.3 Summonings
 + Level 6.3 Necromancy
 + Level 6.3 Translocations
 + Level 6.3 Transmutations
 + Level 6.3 Fire Magic
 + Level 6.3 Ice Magic
 + Level 6.3 Air Magic
 + Level 6.3 Earth Magic
 + Level 6.3 Poison Magic
 + Level 8.3 Invocations
 + Level 7.6 Evocations


You had 22 spell levels left.
You knew the following spells:

 Your Spells              Type           Power      Damage    Failure   Level
a - Necrotise             Necr           64%        1d7       1%          1
b - Mephitic Cloud        Conj/Pois/Air  16%        N/A       5%          3

Your spell library contained the following spells:

 Spells                   Type           Power      Damage    Failure   Level
 Apportation              Tloc           32%        N/A       1%          1
 Magic Dart               Conj           64%        1d6       1%          1
 Sting                    Tmut/Pois      64%        1d6       1%          1
 Summon Small Mammal      Summ           64%        N/A       1%          1
 Call Imp                 Summ           16%        N/A       2%          2
 Poisonous Vapours        Pois/Air       32%        N/A       2%          2
 Ozocubu's Armour         Ice            16%        N/A       5%          3
 Olgreb's Toxic Radiance  Pois           16%        N/A       19%         4
 Fireball                 Conj/Fire      8%         3d6       45%         5
 Iskenderun's Battlesphe  Conj           16%        2d7       45%         5
 Metabolic Englaciation   Hex/Ice        8%         N/A       45%         5
 Conjure Ball Lightning   Conj/Air       8%         3x3d6     96%         6
 Simulacrum               Ice/Necr       8%         N/A       96%         6
 Orb of Destruction       Conj           8%         9d6       100%        7


Dungeon Overview and Level Annotations

Branches:
Dungeon (11/15)            Temple (1/1) D:7            Lair (1/5) D:10
    Orc: D:9-12

Altars:
Ashenzari
Dithmenos
Elyvilon
Fedhas
Gozag
Hepliaklqana
Kikubaaqudgha
Makhleb
Nemelex Xobeh
Okawaru
Qazlal
Ru
Trog
Uskayaw
Vehumet
Wu Jian
Xom
Yredelemnul
Zin
The Shining One

Shops:
D:3 (   D:8 ?(==   D:10 :


Innate Abilities, Weirdness & Mutations

You have very sharp teeth.
Your uncanny sense of smell can sniff out nearby items.
Your experience applies equally to all skills.


Message History

The catoblepas breathes a plume of calcifying dust at you.
The blast of calcifying dust hits you but does no damage.
Unknown command.
The catoblepas breathes a plume of calcifying dust at you.
The blast of calcifying dust hits you.
Items here: ) = [ †.
Unknown command.
Found 15 gold pieces.
The catoblepas breathes a plume of calcifying dust at you.
The blast of calcifying dust hits you but does no damage.
Unknown command.
You are engulfed in calcifying dust.
You are slowing down.
The catoblepas gores you!
Items here: ) = [ †.
The catoblepas gores you!!
The cane toad is engulfed in calcifying dust.
The cane toad stops moving altogether!
Your limbs are stiffening.
The cane toad is engulfed in calcifying dust. x2
The catoblepas breathes a plume of calcifying dust at you.
The blast of calcifying dust hits you.
The cane toad is engulfed in calcifying dust.
You have turned to stone.
You are engulfed in calcifying dust.
The cane toad is engulfed in calcifying dust.
The catoblepas gores you.
The cane toad is engulfed in calcifying dust.
You are engulfed in calcifying dust.
The catoblepas breathes a plume of calcifying dust at you.
The blast of calcifying dust hits you but does no damage.
You are engulfed in calcifying dust.
The catoblepas gores you!!
* * * LOW HITPOINT WARNING * * *
The catoblepas gores you!
* * * LOW HITPOINT WARNING * * *
The cane toad is no longer petrified.
The catoblepas gores you but does no damage.
The catoblepas gores you!!
* * * LOW HITPOINT WARNING * * *
The catoblepas gores you!!
You die...

.....$. ......
........ .....
........ ....
........ ##..##
........ #....#
...P....## #....##
.......#§###..[.P#.~♣
#.....P##)###.P....~♣
#...@YF.††......~~~
#(..#####...###....
.....## #..## .P#
.... ....# ## ...
......# .. .........
. ##..P.#...
#..#..#.#


You could see a catoblepas and a cane toad.

Vanquished Creatures
  Fannar (Lair:2)
  Erolcha (D:10)
  A two-headed ogre (D:9)
  An ugly thing (D:11)
  A cane toad (Lair:2)
  Maggie (D:6)
  4 kobold demonologists (D:11)
  2 trolls (D:10)
  Prince Ribbit (D:9)
  2 shadows
  A vampire (D:10)
  22 yaks
  2 wyverns
  Eustachio (D:5)
  2 steam dragons
  Menkaure (D:5)
  Edmund (D:6)
  2 acid dragons
  4 water moccasins
  5 orc warriors
  An ice beast (D:8)
  5 sky beasts
  2 black bears (D:6)
  5 centaurs
  An ogre (D:6)
  A wolf (D:10)
  2 phantoms (D:6)
  3 kobold brigands
  3 necrophages
  2 bullfrogs
  A gnoll sergeant (D:7)
  5 scorpions
  21 wights
  3 killer bees (D:10)
  An electric eel (D:10)
  A howler monkey (D:5)
  2 jellies (D:6)
  6 hounds
  7 orc priests
  A gnoll bouda (D:7)
  6 iguanas
  4 orc wizards
  Robin (D:3)
  15 gnolls
  13 adders
  3 shadow imps
  2 white imps (D:7)
  An ufetubus (D:5)
  3 worms
  37 orcs
  10 endoplasms
  A giant cockroach (D:1)
  16 goblins
  9 hobgoblins
  A jackal (D:4)
  27 kobolds
  A quokka (D:1)
  5 ball pythons
  4 bats
  3 frilled lizards
  6 rats
297 creatures vanquished.

Vanquished Creatures (others)
  A quokka (D:7)
  A fungus (Lair:2)
  2 plants (Lair:2)
4 creatures vanquished.

Grand Total: 301 creatures vanquished

Notes
Turn   | Place    | Note
-------+----------+-------------------------------------------
     0 | D:1      | Kazon the Gnoll Hunter began the quest for the Orb.
     0 | D:1      | Reached XP level 1. HP: 20/20 MP: 1/1
    34 | D:1      | Identified a scroll of acquirement
    34 | D:1      | Acquired the +12 triple crossbow of the Sugar Beet {elec,
                  | Fragile rPois Will+++ Stlth+}
   114 | D:1      | Reached XP level 2. HP: 26/26 MP: 2/2
   611 | D:2      | Reached XP level 3. HP: 31/31 MP: 3/3
   724 | D:2      | Reached skill level 1 in Invocations
   748 | D:2      | Learned a level 1 spell: Necrotise
   990 | D:2      | Reached skill level 1 in Short Blades
   990 | D:2      | Reached skill level 1 in Long Blades
   990 | D:2      | Reached skill level 1 in Axes
   990 | D:2      | Reached skill level 1 in Maces & Flails
   990 | D:2      | Reached skill level 1 in Polearms
   990 | D:2      | Reached skill level 1 in Staves
   990 | D:2      | Reached skill level 1 in Throwing
   990 | D:2      | Reached skill level 1 in Armour
   990 | D:2      | Reached skill level 1 in Shields
   990 | D:2      | Reached skill level 1 in Unarmed Combat
   990 | D:2      | Reached skill level 1 in Spellcasting
   990 | D:2      | Reached skill level 1 in Evocations
  1018 | D:2      | Reached XP level 4. HP: 38/38 MP: 5/5
  1040 | D:2      | Reached skill level 1 in Conjurations
  1040 | D:2      | Reached skill level 1 in Hexes
  1040 | D:2      | Reached skill level 1 in Summonings
  1040 | D:2      | Reached skill level 1 in Necromancy
  1040 | D:2      | Reached skill level 1 in Translocations
  1040 | D:2      | Reached skill level 1 in Transmutations
  1040 | D:2      | Reached skill level 1 in Fire Magic
  1040 | D:2      | Reached skill level 1 in Ice Magic
  1040 | D:2      | Reached skill level 1 in Air Magic
  1040 | D:2      | Reached skill level 1 in Earth Magic
  1040 | D:2      | Reached skill level 1 in Poison Magic
  1112 | D:3      | Found Umat's Antique Weapon Boutique.
  1259 | D:3      | Noticed Robin
  1264 | D:3      | Killed Robin
  1265 | D:3      | Reached XP level 5. HP: 43/43 MP: 5/7
  1485 | D:3      | Reached skill level 9 in Ranged Weapons
  1485 | D:3      | Reached skill level 5 in Stealth
  1485 | D:3      | Reached skill level 5 in Invocations
  1485 | D:3      | Reached XP level 6. HP: 53/53 MP: 7/13
  1880 | D:4      | Reached XP level 7. HP: 59/59 MP: 14/14
  2297 | D:4      | Found a hazy altar of Hepliaklqana.
  2643 | D:5      | Entered Level 5 of the Dungeon
  2671 | D:5      | Noticed Eustachio
  2681 | D:5      | Killed Eustachio
  2682 | D:5      | Reached skill level 5 in Short Blades
  2682 | D:5      | Reached skill level 5 in Long Blades
  2682 | D:5      | Reached skill level 5 in Axes
  2682 | D:5      | Reached skill level 5 in Maces & Flails
  2682 | D:5      | Reached skill level 5 in Polearms
  2682 | D:5      | Reached skill level 5 in Staves
  2682 | D:5      | Reached skill level 5 in Throwing
  2682 | D:5      | Reached skill level 5 in Armour
  2682 | D:5      | Reached skill level 5 in Shields
  2682 | D:5      | Reached skill level 5 in Unarmed Combat
  2682 | D:5      | Reached skill level 5 in Spellcasting
  2682 | D:5      | Reached skill level 5 in Evocations
  2682 | D:5      | Reached XP level 8. HP: 26/65 MP: 15/15
  2683 | D:5      | Reached skill level 10 in Ranged Weapons
  2828 | D:5      | Noticed Menkaure
  2829 | D:5      | Killed Menkaure
  3412 | D:6      | Reached XP level 9. HP: 72/72 MP: 16/16
  3618 | D:7      | Found a staircase to the Ecumenical Temple.
  3627 | Temple   | Entered the Ecumenical Temple
  3669 | Temple   | Became a worshipper of the Shining One
  3745 | D:7      | Found a hide-covered altar of Uskayaw.
  4328 | D:6      | Noticed Edmund
  4333 | D:6      | Killed Edmund
  4381 | D:6      | Reached XP level 10. HP: 39/79 MP: 18/18
  4530 | D:6      | Reached * piety under the Shining One
  4622 | D:6      | Noticed Maggie
  4628 | D:6      | Killed Maggie
  4915 | D:7      | Reached skill level 5 in Conjurations
  4915 | D:7      | Reached skill level 5 in Hexes
  4915 | D:7      | Reached skill level 5 in Summonings
  4915 | D:7      | Reached skill level 5 in Necromancy
  4915 | D:7      | Reached skill level 5 in Translocations
  4915 | D:7      | Reached skill level 5 in Transmutations
  4915 | D:7      | Reached skill level 5 in Fire Magic
  4915 | D:7      | Reached skill level 5 in Ice Magic
  4915 | D:7      | Reached skill level 5 in Air Magic
  4915 | D:7      | Reached skill level 5 in Earth Magic
  4915 | D:7      | Reached skill level 5 in Poison Magic
  5052 | D:7      | Found a white marble altar of Elyvilon.
  5499 | D:8      | Found Quzidd's Magic Scroll Emporium.
  5508 | D:8      | Bought a scroll of teleportation for 42 gold pieces
  5599 | D:8      | Found Esumer's Weapon Shop.
  5625 | D:8      | Reached ** piety under the Shining One
  5834 | D:8      | Found Heidghoki's Jewellery Shop.
  5919 | D:8      | Found Zoxtaeshakh's Jewellery Boutique.
  6272 | D:9      | Learned a level 3 spell: Mephitic Cloud
  6285 | D:9      | Noticed Prince Ribbit
  6287 | D:9      | Killed Prince Ribbit
  6586 | D:9      | Noticed a two-headed ogre
  6589 | D:9      | Killed a two-headed ogre
  6590 | D:9      | Reached XP level 11. HP: 86/86 MP: 20/20
  6622 | D:10     | Entered Level 10 of the Dungeon
  6627 | D:10     | Noticed Erolcha
  6629 | D:10     | Killed Erolcha
  6649 | D:10     | Identified the +5 long sword of the Land of Plenty {drain,
                  | Dex+3}
  6701 | D:10     | Found a staircase to the Lair.
  6705 | D:10     | Reached *** piety under the Shining One
  6786 | D:10     | Found Juagoaq's Book Shoppe.
  7044 | D:10     | Reached skill level 11 in Ranged Weapons
  7646 | D:11     | Noticed a green ugly thing
  7649 | D:11     | Killed a green ugly thing
  7726 | D:11     | Noticed a sun demon
  7731 | D:11     | Reached XP level 12. HP: 78/94 MP: 21/23
  8351 | D:8      | Bought the amulet "Odemouw" {Contam rPois rF+++ Regen+
                  | Stlth+} for 734 gold pieces
  8455 | Lair:1   | Entered Level 1 of the Lair of Beasts
  8455 | Lair:1   | You fall into a shaft and drop 1 floor!
  8461 | Lair:2   | Noticed Fannar
  8466 | Lair:2   | Noticed a catoblepas
  8468 | Lair:2   | Killed Fannar
  8492 | Lair:2   | HP: 1/95 [catoblepas (12)]
  8493 | Lair:2   | Mangled by a catoblepas

Illustrated notes

Levels and vault maps discovered:
D:1:      dpeg_arrival_three_smaller_balls, layout_basic
D:2:      layout_loops_ring
D:3:      layout_basic, serial_shops, nicolae_shop_stone, st_stairs_9,
          minmay_misc_feat_doors, eino_curves_03, uniq_robin
D:4:      minmay_wonky_spiral, layout_basic,
          mainiacjoe_overflow_surrounded_room, minivault_5
D:5:      layout_cave_pods, uniq_menkaure, uniq_eustachio
D:6:      cheibrodos_barr_body, layout_basic, minmay_crystal_room,
          minmay_pentangle, uniq_maggie, uniq_edmund
D:7:      layout_cave_pools, nicolae_uskayaw_murder_on_the_dancefloor,
          elyvilon_altar_4, minmay_temple_entry_purple_smoke
D:8:      layout_basic, serial_shops, shop_statue, kennysheep_little_box, shop,
          nicolae_shop_window_shopping
D:9:      layout_cave_pools, uniq_prince_ribbit1
D:10:     layout_stronghold, erik_lair_island, serial_shops,
          nicolae_shop_statue_plus, uniq_erolcha
D:11:     layout_roguey
Temple:   nicolae_temple_bog_church
Lair:1:   layout_long_grid, fungi_pond_lemuel, cheibrodos_lair_reptile_den
Lair:2:   layout_gridlike, uniq_fannar

Skill      XL: |  1  2  3  4  5  6  7  8  9 10 11 12 |
---------------+-------------------------------------+-----
Invocations    | 1 5 6 7 8 |  8.3
Short Blades   | 1 4 5 6 7 |  7.6
Long Blades    | 1 4 5 6 7 |  7.6
Axes           | 1 4 5 6 7 |  7.6
Maces & Flails | 1 4 5 6 7 |  7.6
Polearms       | 1 4 5 6 7 |  7.6
Staves         | 1 4 5 6 7 |  7.6
Throwing       | 1 4 5 6 7 |  7.6
Armour         | 1 4 5 6 7 |  7.6
Shields        | 1 4 5 6 7 |  7.6
Unarmed Combat | 1 4 5 6 7 |  7.6
Spellcasting   | 1 4 5 6 7 |  7.6
Evocations     | 1 4 5 6 7 |  7.6
Conjurations   | 1 3 4 5 6 |  6.3
Hexes          | 1 3 4 5 6 |  6.3
Summonings     | 1 3 4 5 6 |  6.3
Necromancy     | 1 3 4 5 6 |  6.3
Translocations | 1 3 4 5 6 |  6.3
Transmutations | 1 3 4 5 6 |  6.3
Fire Magic     | 1 3 4 5 6 |  6.3
Ice Magic      | 1 3 4 5 6 |  6.3
Air Magic      | 1 3 4 5 6 |  6.3
Earth Magic    | 1 3 4 5 6 |  6.3
Poison Magic   | 1 3 4 5 6 |  6.3
Fighting       | 6 7 8 9 |  9.0
Ranged Weapons | 9 10 11 | 11.4
Dodging        | 6 7 8 9 |  9.0
Stealth        | 5 6 7 8 |  8.0

Action                   |  1- 3 |  4- 6 |  7- 9 | 10-12 || total
-------------------------+-------+-------+-------+-------++-------
 Fire: Triple crossbow   |    40 |    57 |   150 |   266 ||   513
       Shortbow          |     2 |       |       |       ||     2
Throw: Dart              |       |       |       |     6 ||     6
 Cast: Mephitic Cloud    |       |       |       |     1 ||     1
Invok: Divine Shield     |       |       |       |     1 ||     1
  Use: Scroll            |     1 |       |     3 |     3 ||     7
       Potion            |       |     1 |     3 |       ||     4
Armor: Leather armour    |     4 |     1 |     1 |       ||     6
       Chain mail        |       |       |    34 |       ||    34
       Plate armour      |       |       |   113 |     5 ||   118
       Acid dragon scale |       |       |       |    51 ||    51
Dodge: Dodged            |    13 |    28 |    60 |   106 ||   207
Block: Other             |       |       |       |    10 ||    10
